 Dungeon Crawl Stone Soup version 0.27-a0-887-gcab673c142 (webtiles) character file.

Game seed: 14954374640241777660

36462 mhtbhm the Severer (level 13, 0/119 HPs)
             Began as a Minotaur Fighter on Apr 3, 2021.
             Was an Elder of Trog.
             Slain by an ice beast (12 damage)
             ... on level 6 of the Lair of Beasts.
             The game lasted 00:15:30 (12808 turns).

mhtbhm the Severer (Minotaur Fighter)              Turns: 12808, Time: 00:15:30

Health: 0/119      AC: 13    Str: 32    XL:     13   Next: 53%
Magic:  12/12      EV: 14    Int:  5    God:    Trog [****..]
Gold:   776        SH: 15    Dex: 10    Spells: 12/12 levels left

rFire    . . .     SeeInvis .   a - +0 war axe (elec)
rCold    . . .     Faith    .   c - +1 kite shield
rNeg     . . .     Spirit   .   b - +0 chain mail
rPois    .         Reflect  .   (helmet restricted)
rElec    .         Harm     .   (no cloak)
rCorr    .         Rampage  .   q - +0 pair of gloves
Will     .....                  (no boots)
Stlth    ..........             s - amulet of regeneration
HPRegen  1.29/turn              l - +6 ring of strength
MPRegen  0.13/turn              w - +4 ring of evasion

@: lethally poisoned (0 -> -5), about to teleport, marked, berserk cooldown,
slowed, very slow
A: horns 2, retaliatory headbutt
a: Renounce Religion, Berserk, Trog's Hand, Brothers in Arms


You were on level 6 of the Lair of Beasts.
You worshipped Trog.
Trog was greatly pleased with you.
You visited 3 branches of the dungeon, and saw 15 of its levels.
You also visited: Sewer.

You collected 776 gold pieces.

Inventory:

Hand Weapons
 a - a +0 war axe of electrocution (weapon)
Missiles
 g - 2 curare-tipped darts (quivered)
 T - 7 atropa-tipped darts
Armour
 b - a +0 chain mail (worn)
 c - a +1 kite shield (worn)
 q - a +0 pair of gloves (worn)
 G - a +0 crystal plate armour
Jewellery
 l - a +6 ring of strength (left hand)
 n - a ring of see invisible
 s - an amulet of regeneration (around neck)
 w - a +4 ring of evasion (right hand)
 A - a ring of fire
 B - a ring of flight
 L - a ring of willpower
 O - a +6 ring of dexterity
 Q - a ring of magical power
Wands
 r - a wand of digging (3)
 v - a wand of flame (20)
 C - a wand of polymorph (3)
 J - a wand of random effects (29)
 M - a wand of mindburst (8)
 N - a wand of iceblast (6)
 R - a wand of paralysis (9)
 S - a wand of acid (8)
Scrolls
 f - 4 scrolls of enchant weapon
 h - 2 scrolls of fog
 k - a scroll of holy word
 o - 2 scrolls of magic mapping
 t - 3 scrolls of enchant armour
 y - 2 scrolls of brand weapon
 D - 3 scrolls of blinking {unknown}
 E - 2 scrolls of silence {unknown}
 F - a scroll of identify
 I - 4 scrolls of teleportation
Potions
 d - a potion of might
 e - 6 potions of curing
 i - 4 potions of heal wounds
 j - a potion of cancellation
 m - 7 potions of flight
 p - 3 potions of lignification
 u - 4 potions of haste
 x - a potion of ambrosia
 z - a potion of berserk rage
 H - a potion of brilliance {unknown}
 K - a potion of degeneration {unknown}
 P - a potion of attraction {unknown}


   Skills:
 + Level 12.5 Fighting
 + Level 16.6 Axes
 + Level 11.8 Armour
 + Level 5.4 Dodging
 - Level 0.2 Stealth
 + Level 13.0 Shields
 + Level 1.9 Unarmed Combat


You had 12 spell levels left.
You didn't know any spells.
Your spell library contained the following spells:

 Spells                   Type           Power      Damage    Failure   Level
 Corona                   Hex            0%         N/A       93%         1
 Freeze                   Ice            0%         1d3       93%         1
 Ensorcelled Hibernation  Hex/Ice        0%         N/A       98%         2
 Confusing Touch          Hex            0%         N/A       100%        3
 Dazzling Flash           Conj/Hex       0%         N/A       100%        3
 Frozen Ramparts          Ice            0%         1d2       100%        3
 Ozocubu's Armour         Ice            0%         N/A       100%        3
 Tukima's Dance           Hex            0%         N/A       100%        3
 Hailstorm                Conj/Ice       0%         3d3       100%        4
 Summon Ice Beast         Ice/Summ       0%         N/A       100%        4


Dungeon Overview and Level Annotations

Branches:
Dungeon (8/15)             Temple (1/1) D:7            Lair (6/6) D:8
  Swamp (0/4) Lair:4       Spider (0/4) Lair:4        Sewer (visited)
  Slime: Lair:5-6

Altars:
Ashenzari
Cheibriados
Dithmenos
Elyvilon
Fedhas
Gozag
Hepliaklqana
Kikubaaqudgha
Nemelex Xobeh
Qazlal
Ru
Sif Muna
Trog
Wu Jian
Xom
Yredelemnul
Zin
The Shining One


Innate Abilities, Weirdness & Mutations

You have a pair of horns on your head.
You reflexively headbutt those who attack you in melee.


Message History

A death yak comes into view.
The ice beast hits you. The ice beast freezes you! The blink frog hits you.
The blink frog blinks!
The ice beast closely misses you. You furiously retaliate!
You headbutt the ice beast! You block the ice beast's attack.
The blink frog blinks!
The five-headed hydra bites you!
* * * LOW HITPOINT WARNING * * *
The five-headed hydra bites you but does no damage.
The five-headed hydra closely misses you.
You block the five-headed hydra's attack.
The five-headed hydra barely misses you.
The cane toad closely misses you. The ice beast hits you.
* * * LOW HITPOINT WARNING * * *
The ice beast freezes you!
* * * LOW HITPOINT WARNING * * *
Unknown command.
You feel much better.
The blink frog blinks! x2
A death yak comes into view.
The lindwurm closely misses you. You furiously retaliate!
You headbutt the lindwurm.
The lindwurm claws you but does no damage.
The lindwurm misses you.
The blink frog blinks!
You block the ice beast's attack. The cane toad stings you!
* * * LOW HITPOINT WARNING * * *
You are poisoned.
The cane toad poisons you!
The ice beast hits you but does no damage.
The five-headed hydra closely misses you.
You block the five-headed hydra's attack.
The five-headed hydra bites you!
* * * LOW HITPOINT WARNING * * *
The five-headed hydra barely misses you.
The five-headed hydra bites you!
* * * LOW HITPOINT WARNING * * *
The blink frog blinks!
You block the ice beast's attack. You block the lindwurm's attack.
The lindwurm closely misses you. x2
The ice beast hits you.
* * * LOW HITPOINT WARNING * * *
The ice beast freezes you!
You die...

..##.........
#.##....#P..# # #.P#
#....P.. #.
#..###..##..† #..
#....'...##.. ##..
##..##...P.#..
.....###+##..####....'..
#....kFY§...# ##....P..
#....D@W5..####.....#..
#...F..YY§...##.....##..
......Y#YY/§.#...).(.###
...FF..[YYh........P..#
........................
#######.....Y...........
#......Y....#.#.#.
#......F.....####.
#..P.P.......


You could see 2 death yaks, a five-headed hydra, a lindwurm, a polar bear, a
freezing wraith, a cane toad, 4 blink frogs, 8 ice beasts and a white imp.

Vanquished Creatures
  Kirke (Lair:4)
  A dire elephant (Lair:5)
  2 hydras
  A catoblepas (Lair:6)
  Pikel (D:5)
  A lindwurm (Lair:6)
  A black mamba (Lair:6)
  17 elephants (Lair:5)
  Maggie (D:7)
  13 cane toads
  7 komodo dragons
  A kobold demonologist (D:8)
  3 rime drakes
  3 jumping spiders (Lair:4)
  3 polar bears
  6 dream sheep (Lair:4)
  8 blink frogs
  Sigmund (D:5)
  3 redbacks (Lair:4)
  32 yaks
  4 wyverns
  A fire elemental (Lair:4)
  4 basilisks
  3 fire bats (Lair:4)
  6 hogs (Lair:4)
  Edmund (D:5)
  18 water moccasins
  An ice beast (D:7)
  An orc warrior (D:8)
  5 black bears
  11 wolves (Lair:6)
  A sky beast (D:7)
  3 ogres
  6 necrophages (Lair:2)
  4 lemures
  3 centaurs
  10 bullfrogs
  A kobold brigand (Sewer)
  4 scorpions
  3 killer bees (D:8)
  An electric eel (Lair:4)
  A howler monkey (D:5)
  2 lava snakes (Lair:4)
  A bullfrog zombie (D:5)
  4 hounds
  3 jellies
  A centaur zombie (D:7)
  4 orc priests
  A bullfrog skeleton (D:5)
  A centaur skeleton (D:6)
  7 iguanas
  6 orc wizards
  Natasha (twice) (D:3)
  7 hell rats (Lair:2)
  A howler monkey zombie (D:8)
  A gnoll (D:1)
  4 adders
  A river rat (Sewer)
  A white imp (D:5)
  An ufetubus (D:4)
  An adder skeleton (D:4)
  2 worms
  3 dart slugs
  17 orcs
  7 endoplasms
  3 giant cockroaches
  4 goblins
  4 hobgoblins
  8 jackals
  A quokka (D:1)
  4 ball pythons
  7 bats
  2 frilled lizards
  10 kobolds
  2 quokka skeletons (D:4)
  10 rats
331 creatures vanquished.

Vanquished Creatures (others)
  37 fungi
  61 plants
98 creatures vanquished.

Grand Total: 429 creatures vanquished

Notes
Turn   | Place    | Note
-------+----------+-------------------------------------------
     0 | D:1      | mhtbhm the Minotaur Fighter began the quest for the Orb.
     0 | D:1      | Reached XP level 1. HP: 19/19 MP: 0/0
    56 | D:1      | Reached XP level 2. HP: 27/27 MP: 1/1
   501 | D:1      | Found a faded altar of an unknown god.
  1054 | D:2      | Reached XP level 3. HP: 33/33 MP: 2/2
  1215 | D:2      | Reached skill level 3 in Axes
  1578 | D:2      | Reached XP level 4. HP: 35/40 MP: 3/3
  2171 | D:3      | Noticed Natasha
  2181 | D:3      | Killed Natasha
  2646 | D:3      | Noticed Natasha
  2653 | D:3      | Killed Natasha
  2654 | D:3      | Reached XP level 5. HP: 23/47 MP: 4/4
  2997 | D:4      | Reached skill level 4 in Axes
  3645 | D:5      | Entered Level 5 of the Dungeon
  3645 | D:5      | Noticed a lemure
  3645 | D:5      | Noticed a lemure
  3645 | D:5      | Noticed a lemure
  3676 | D:6      | Reached skill level 5 in Armour
  3685 | D:6      | Killed a lemure
  3720 | D:6      | Noticed a black bear
  3734 | D:6      | Killed a black bear
  3735 | D:6      | Reached skill level 1 in Dodging
  3735 | D:6      | Reached XP level 6. HP: 29/55 MP: 5/5
  3780 | D:6      | Reached skill level 5 in Axes
  3780 | D:6      | Reached skill level 5 in Shields
  3832 | D:6      | Found a glowing drain.
  3907 | Sewer    | Entered a sewer
  4053 | Sewer    | Reached skill level 5 in Fighting
  4082 | Sewer    | Found a white marble altar of Elyvilon.
  4204 | D:6      | Reached XP level 7. HP: 54/61 MP: 6/6
  4205 | D:6      | Found a sacrificial altar of Ru.
  4240 | D:6      | Found a glowing silver altar of Zin.
  4240 | D:6      | Found a shimmering altar of Xom.
  4241 | D:6      | Found a shadowy altar of Dithmenos.
  4241 | D:6      | Found a broken altar of Ashenzari.
  4241 | D:6      | Found an ornate altar of the Wu Jian Council.
  4247 | D:6      | Reached skill level 6 in Axes
  4879 | D:5      | Noticed Sigmund
  4882 | D:5      | Killed Sigmund
  4883 | D:5      | Reached skill level 7 in Axes
  5008 | D:5      | Noticed Pikel
  5027 | D:5      | Killed Pikel
  5028 | D:5      | Reached skill level 8 in Axes
  5028 | D:5      | Reached XP level 8. HP: 54/71 MP: 7/7
  5187 | D:5      | Noticed Edmund
  5191 | D:5      | Killed Edmund
  5197 | D:5      | Reached skill level 9 in Axes
  5285 | D:5      | Reached XP level 9. HP: 62/78 MP: 8/8
  5394 | D:5      | Found a glowing golden altar of the Shining One.
  5604 | D:5      | Found an ancient bone altar of Kikubaaqudgha.
  5604 | D:5      | Found an opulent altar of Gozag.
  5874 | D:7      | Noticed Maggie
  5884 | D:7      | Reached skill level 10 in Axes
  5884 | D:7      | Killed Maggie
  5959 | D:7      | Found a staircase to the Ecumenical Temple.
  6000 | Temple   | Entered the Ecumenical Temple
  6188 | Temple   | Became a worshipper of Trog the Wrathful
  6236 | D:7      | Reached skill level 11 in Axes
  6362 | D:7      | Found a snail-covered altar of Cheibriados.
  6549 | D:7      | Reached XP level 10. HP: 86/88 MP: 9/9
  6793 | D:8      | Reached * piety under Trog
  6881 | D:8      | Found a staircase to the Lair.
  7081 | D:8      | Found a sparkling altar of Nemelex Xobeh.
  7181 | Lair:1   | Entered Level 1 of the Lair of Beasts
  7209 | Lair:1   | Reached skill level 12 in Axes
  7247 | Lair:1   | Noticed a cane toad
  7262 | Lair:1   | Killed a cane toad
  7667 | Lair:1   | Noticed a cane toad
  7672 | Lair:1   | Killed a cane toad
  8143 | Lair:2   | Reached XP level 11. HP: 93/97 MP: 10/10
  8311 | Lair:2   | Reached skill level 13 in Axes
  8317 | Lair:2   | Reached skill level 10 in Shields
  8317 | Lair:2   | Reached ** piety under Trog
  9259 | Lair:3   | Reached skill level 14 in Axes
  9261 | Lair:3   | Reached skill level 10 in Armour
  9326 | Lair:3   | Reached skill level 10 in Fighting
 10088 | Lair:4   | Noticed a seven-headed hydra
 10096 | Lair:4   | Killed a ten-headed hydra
 10097 | Lair:4   | Reached XP level 12. HP: 107/107 MP: 11/11
 10150 | Lair:4   | Found a hole to the Spider Nest.
 10280 | Lair:4   | Noticed Kirke
 10291 | Lair:4   | Reached *** piety under Trog
 10313 | Lair:4   | Killed Kirke
 10314 | Lair:4   | Reached skill level 15 in Axes
 10539 | Lair:4   | Reached skill level 1 in Unarmed Combat
 11161 | Lair:4   | Found a staircase to the Swamp.
 11425 | Lair:5   | Noticed a dire elephant
 11437 | Lair:5   | Killed a dire elephant
 11438 | Lair:5   | Reached skill level 5 in Dodging
 11501 | Lair:5   | Reached **** piety under Trog
 11502 | Lair:5   | Reached XP level 13. HP: 117/117 MP: 12/12
 11705 | Lair:5   | Reached skill level 16 in Axes
 12494 | Lair:6   | Entered Level 6 of the Lair of Beasts
 12808 | Lair:6   | Slain by an ice beast

Illustrated notes

Levels and vault maps discovered:
D:1:      dpeg_arrival_radiant, layout_loops_corners, basic_ecumenical_altar
D:2:      layout_basic
D:3:      layout_rooms, uniq_natasha
D:4:      layout_rooms, hangedman_decor_riveting
D:5:      minmay_octagon_keep, layout_rooms, lemuel_crystal_altar,
          amethyst_overflow_temple_binary, uniq_sigmund, uniq_edmund, uniq_pikel
D:6:      layout_loops_ring, grunt_temple_overflow_open, portal_sewer_entry_c
D:7:      layout_rooms, nicolae_overflow_crystal_walls,
          minmay_temple_entry_proselytizer, uniq_maggie
D:8:      layout_cave_pools, lemuel_coloured_pillars_altar,
          due_lair_maze_entry_diamond
Temple:   dpeg_chambers_temple
Lair:1:   layout_roguey, grunt_megastairs_2
Lair:2:   layout_gridlike, roderic_carrion_pond
Lair:3:   layout_chaotic_city, lemuel_fruit_fields
Lair:4:   layout_gridlike, swamp_mist, nicolae_spider_entry_tight_spaces,
          grunt_megastairs_1, lemuel_fruit_tree, uniq_kirke
Lair:5:   beast_lair_carwin_large_3, layout_cave_pods, serial_bayou_pond_d
Lair:6:   grunt_lair_end_beastmaster, layout_regular_city,
          dpeg_slime_entry_enclosed_altar, ebering_ghost_rock_garden,
          wad_woods_river_02, ice2_lemuel

Skill      XL: |  1  2  3  4  5  6  7  8  9 10 11 12 13 |
---------------+----------------------------------------+-----
Armour         | 4 5 6 8 10 11 | 11.8
Fighting       | 4 5 6 7 9 10 11 12 | 12.5
Shields        | 4 5 6 8 9 11 12 13 | 13.0
Axes           | 3 4 5 8 9 11 12 14 15 16 | 16.6
Dodging        | 1 2 3 4 5 |  5.4
Unarmed Combat | 1 |  1.9
Stealth        | |  0.2

Action                   |  1- 3 |  4- 6 |  7- 9 | 10-12 | 13-15 || total
-------------------------+-------+-------+-------+-------+-------++-------
Melee: War axe           |    63 |   132 |   132 |   411 |   144 ||   882
       Headbutt          |    10 |    28 |    24 |   112 |    39 ||   213
       Unarmed           |       |       |       |    13 |       ||    13
Invok: Berserk           |       |       |       |     7 |     2 ||     9
Evoke: Wand              |       |       |       |     4 |       ||     4
  Use: Scroll            |     3 |     8 |     1 |     5 |     1 ||    18
       Potion            |       |     2 |     1 |       |     1 ||     4
Armor: Scale mail        |    31 |    20 |       |       |       ||    51
       Chain mail        |       |    28 |    83 |   103 |    65 ||   279
       Skin              |       |     8 |       |       |       ||     8
Dodge: Dodged            |    20 |    40 |    80 |   130 |    74 ||   344
Block: Kite shield       |    30 |    93 |   123 |   228 |    92 ||   566

Table legend: (Time is in decaauts)
 A = Elapsed time spent in this place.
 B = Non-inter-level travel time spent in this place.
 C = Inter-level travel time spent in this place.
 D = Time resting spent in this place.
 E = Time spent auto-exploring this place.
 F = Levels seen in this place.
 G = Mean time per level.
                   A        B        C        D        E       F      G
               +--------+--------+--------+--------+--------+-----+--------+
         Total |  12996 |  12872 |    124 |   2321 |   7940 |  16 |  812.2 |
       Dungeon |   6847 |   6723 |    124 |   1023 |   4306 |   8 |  855.9 |
        Temple |    214 |    214 |      0 |      0 |    141 |   1 |  214.0 |
          Lair |   5629 |   5629 |      0 |   1217 |   3375 |   6 |  938.2 |
         Sewer |    304 |    304 |      0 |     81 |    117 |   1 |  304.0 |
               +--------+--------+--------+--------+--------+-----+--------+

Top non-repeatable levels by time:
  Lair:4: 1513 daAuts
  Lair:5: 1146 daAuts
     D:1: 1056 daAuts
     D:6: 1033 daAuts
     D:2: 977 daAuts
     D:5: 967 daAuts
     D:3: 942 daAuts
  Lair:1: 890 daAuts
  Lair:3: 881 daAuts
  Lair:2: 872 daAuts
     D:4: 750 daAuts
     D:8: 648 daAuts
     D:7: 471 daAuts
  Lair:6: 326 daAuts
   Sewer: 304 daAuts
